 Dungeon Crawl Stone Soup version 0.23.2-1-ga50397a (webtiles) character file.

Game seed: 8674679905478068994

28 Iscandelvey the Vexing (level 3, 22/26 HPs)
             Began as a Demonspawn Arcane Marksman on Apr 27, 2019.
             Quit the game on level 2 of the Dungeon.
             The game lasted 00:00:45 (577 turns).

Iscandelvey the Vexing (Demonspawn Arcane Marksman)  Turns: 577, Time: 00:00:45

Health: 22/26      AC:  2    Str: 10    XL:     3   Next: 0%
Magic:  4/4        EV: 12    Int: 15    God:
Gold:   81         SH:  0    Dex: 13    Spells: 3/4 levels left

rFire    . . .     SeeInvis .   a - +0 hand crossbow
rCold    . . .     Gourm    .   (no shield)
rNeg     . . .     Faith    .   e - +0 robe
rPois    .         Spirit   .   (no helmet)
rElec    .         Reflect  .   (no cloak)
rCorr    .         Harm     .   (no gloves)
MR       .....                  (no boots)
Stlth    +.........             (no amulet)
HPRegen  0.08/turn              (no ring)
MPRegen  0.09/turn              (no ring)

@: no status effects
A: hooves 1, sturdy frame 1
a: no special abilities


You were on level 2 of the Dungeon.
You were not hungry.

You visited 1 branch of the dungeon, and saw 2 of its levels.

You collected 81 gold pieces.

Inventory:

Hand Weapons
 a - a +0 hand crossbow (weapon)
Missiles
 d - 6 bolts (quivered)
Armour
 e - a +0 robe (worn)
Jewellery
 c - a +3 ring of strength {unknown}
Scrolls
 b - a scroll of noise {unknown}
 i - a scroll of teleportation {unknown}
Potions
 g - a potion of degeneration {unknown}
 h - a potion of curing {unknown}
Comestibles
 f - 3 rations


   Skills:
 + Level 1.2 Fighting
 + Level 2.4 Crossbows
 + Level 2.0 Dodging
 + Level 0.4 Stealth
 + Level 1.0 Spellcasting
 + Level 3.3 Hexes


You had 3 spell levels left.
You knew the following spells:

 Your Spells              Type           Power        Failure   Level  Hunger
a - Corona                Hex            ##.....      6%          1    ##.....

Your spell library contained the following spells:

 Spells                   Type           Power        Failure   Level  Hunger
 Slow                     Hex            ##......     10%         2    ###....
 Inner Flame              Hex/Fire       #.......     36%         3    ####...
 Portal Projectile        Hex/Tloc       #.....       36%         3    ####...
 Cause Fear               Hex            ##........   52%         4    #####..
 Leda's Liquefaction      Hex/Erth       #.........   77%         4    #####..


Dungeon Overview and Level Annotations

Branches:
Dungeon (2/15)

Altars:


Innate Abilities, Weirdness & Mutations

You have large cloven feet.
Your movements are slightly less encumbered by armour. (ER -2)


Message History

Firing (i - inventory)
d - 8 bolts (quivered)
Press: ? - help, Shift-Dir - straight line, f/p - goblin
Aim: a goblin (heavily wounded)
You shoot a bolt. The bolt barely misses the goblin.
The bolt hits the hobgoblin!
You kill the hobgoblin!
The goblin barely misses you.
Firing (i - inventory)
d - 7 bolts (quivered)
Press: ? - help, Shift-Dir - straight line, f/p - goblin
Aim: a goblin (heavily wounded)
You shoot a bolt. The bolt closely misses the goblin.
The bolt hits the hobgoblin!
You kill the hobgoblin!
You have reached level 3!
Your experience leads to an increase in your attributes!
Increase (S)trength, (I)ntelligence, or (D)exterity?
You feel clever.
Your demonic ancestry asserts itself...
Your feet thicken and deform.
The goblin hits you.
Are you sure you want to abandon this character and quit the game? (Confirm with "yes".)

.. #. ## .. #..
##. #..##..###
## #...##.#...#
#.##..'..'g..+
#.###g##.#...#
#..@g)(####'##
#..###...# g.#
#..# #.#.##.## .
#..###.#..###..#
#..##...#.....#
#<....#......##
##.##...######
#.###.## #.....#


You could see a hobgoblin and a goblin.

Vanquished Creatures
  3 giant cockroaches (D:1)
  6 goblins
  7 hobgoblins
  A ball python (D:1)
  2 bats (D:1)
  A frilled lizard (D:1)
  2 kobolds (D:1)
  2 rats (D:1)
24 creatures vanquished.

Notes
Turn   | Place    | Note
-------+----------+-------------------------------------------
     0 | D:1      | Iscandelvey the Demonspawn Arcane Marksman began the quest
                  | for the Orb.
     0 | D:1      | Reached XP level 1. HP: 15/15 MP: 2/2
   105 | D:1      | Gained mutation: Your movements are slightly less
                  | encumbered by armour. (ER -2) [demonic ancestry]
   105 | D:1      | Reached XP level 2. HP: 18/21 MP: 3/3
   576 | D:2      | Gained mutation: You have large cloven feet. [demonic
                  | ancestry]
   576 | D:2      | Reached XP level 3. HP: 23/26 MP: 4/4
   577 | D:2      | Quit the game

Skill      XL: |  1  2 |
---------------+-------+-----
Dodging        | 2 |  2.0
Crossbows      | 2 |  2.4
Fighting       | |  1.2
Stealth        | |  0.4
Spellcasting   | |  1.0
Hexes          | |  3.3

Action                   || total
-------------------------++-------
 Fire: Hand crossbow     ||    50
Armor: Robe              ||    10
Dodge: Dodged            ||    16
